 Dungeon Crawl Stone Soup version 0.23.2-1-ga50397a (webtiles) character file.

Game seed: 14386009090125880193

1769 diana the Skirmisher (level 8, -2/96 HPs)
             Began as a Demonspawn Fighter on May 22, 2019.
             Was a Follower of Makhleb.
             Slain by a killer bee (3 damage)
             ... on level 7 of the Dungeon.
             The game lasted 00:09:43 (6077 turns).

diana the Skirmisher (Demonspawn Fighter)           Turns: 6077, Time: 00:09:44

Health: -2/96      AC: 20    Str: 24    XL:     8   Next: 80%
Magic:  0/8        EV:  8    Int: 15    God:    Makhleb [*.....]
Gold:   392        SH: 10    Dex: 12    Spells: 7/7 levels left

rFire    . . .     SeeInvis .   a - +0 long sword
rCold    . . .     Gourm    .   c - +0 shield
rNeg     . . .     Faith    .   y - +4 chain mail
rPois    .         Spirit   +   u - +2 hat
rElec    .         Reflect  .   s - +0 cloak (curse)
rCorr    .         Harm     .   (no gloves)
MR       .....                  (no boots)
Stlth    ..........             (no amulet)
HPRegen  0.26/turn              (no ring)
MPRegen  0.11/turn              (no ring)

@: brilliant, berserking (expiring), lethally poisoned (-2 -> -5), very quick
A: slimy green scales 2, demonic guardian 1, magic shield
a: Renounce Religion


You were on level 7 of the Dungeon.
You worshipped Makhleb.
Makhleb was aware of your devotion.
You were very hungry.

You visited 2 branches of the dungeon, and saw 8 of its levels.

You collected 392 gold pieces.

Inventory:

Hand Weapons
 a - a +0 long sword (weapon)
Armour
 b - a +0 scale mail
 c - a +0 shield (worn)
 s - a cursed +0 cloak (worn)
 u - a +2 hat (worn)
 y - a +4 chain mail (worn)
Wands
 t - a wand of paralysis (8)
Scrolls
 e - 7 scrolls of remove curse
 i - a scroll of enchant weapon
 o - a scroll of random uselessness
 q - 2 scrolls of noise
 x - a scroll of blinking
Potions
 d - 2 potions of might
 g - 3 potions of agility
 m - a potion of heal wounds {unknown}
 n - a potion of cancellation {unknown}
 p - 2 potions of degeneration
 v - a potion of mutation {unknown}
 w - a potion of curing {unknown}
 z - a potion of lignification {unknown}
Comestibles
 f - 6 rations


   Skills:
 + Level 5.6 Fighting
 * Level 5.6 Long Blades
 + Level 5.1 Armour
 + Level 4.3 Dodging
 + Level 5.1 Shields


You had 7 spell levels left.
You didn't know any spells.
Your spell library contained the following spells:

 Spells                   Type           Power        Failure   Level  Hunger
 Corona                   Hex            #......      50%         1    ##.....
 Shock                    Conj/Air       #...         50%         1    ##.....
 Ensorcelled Hibernation  Hex/Ice        #.....       63%         2    ###....
 Shroud of Golubria       Chrm/Tloc      #.........   63%         2    ###....
 Confuse                  Hex            #.......     82%         3    ####...
 Dazzling Spray           Conj/Hex       #.....       82%         3    ####...
 Portal Projectile        Hex/Tloc       #.....       82%         3    ####...
 Tukima's Dance           Hex            #.......     82%         3    ####...
 Conjure Ball Lightning   Conj/Air       #.........   100%        6    #######
 Freezing Cloud           Conj/Ice/Air   #.........   100%        6    #######


Dungeon Overview and Level Annotations

Branches:
Dungeon (7/15)             Temple (1/1) D:5

Altars:
Ashenzari
Cheibriados
Elyvilon
Fedhas
Gozag
Hepliaklqana
Kikubaaqudgha
Makhleb
Nemelex Xobeh
Okawaru
Ru
Sif Muna
Trog
Vehumet
Wu Jian
Yredelemnul
Zin
The Shining One

Annotations:
D:4 3 runed translucent doors, eccles's ghost, amateur GrEE
D:5 3 runed translucent doors, goulibeur's ghost, novice DrBe


Innate Abilities, Weirdness & Mutations

You are mostly covered in slimy green scales. (AC +3)
A weak demonic guardian rushes to your aid.
When hurt, damage is shared between your health and your magic reserves.


Message History

The hound bites you but does no damage.
Your white imp gestures at the killer bee.
The puff of frost hits the killer bee!
Your ufetubus barely misses the orc.
Your ufetubus closely misses the orc.
Unknown command.
You closely miss the killer bee.
The killer bee is severely wounded.
The killer bee stings you but does no damage.
The killer bee misses you. The adder barely misses your white imp.
The killer bee stings your white imp but does no damage.
You block the kobold's attack. You block the orc priest's attack.
The hound bites you.
* * * LOW HITPOINT WARNING * * *
The killer bee closely misses you.
You riposte.
You slash the killer bee!
You kill the killer bee!
Makhleb accepts your kill.
Your ufetubus barely misses the orc.
Your ufetubus closely misses the orc.
Your white imp hits the killer bee.
Your white imp freezes the killer bee.
The killer bee stings you.
You die...

....##. .......
....... ....... #
....... #...#
##.5.....
.....##ooo..... .
.....5y@hFy....
......SyK##o...#.
......Z5y.#.o..#
....###.5y.....#
.....oooK...h....
....).)<# ..
......oo# .
........†yo...o
#.......yy...##


You could see 2 orc warriors, a bullfrog, a hound, 4 killer bees, an orc priest,
an adder, 2 shadow imps, 6 orcs, a hornet zombie, 2 kobolds, a friendly white
imp and a friendly ufetubus.

Vanquished Creatures
  Grinder (D:5)
  Eustachio (D:5)
  Menkaure (D:5)
  An orc warrior (D:6)
  2 centaurs
  2 bullfrogs
  A scorpion (D:6)
  2 killer bees (D:7)
  A howler monkey (D:7)
  A crimson imp (D:6)
  A centaur zombie (D:5)
  A hound (D:6)
  2 orc priests (D:4)
  2 bullfrog skeletons
  An orc wizard (D:6)
  Natasha (twice) (D:3)
  An iguana (D:6)
  4 worker ants
  A hound skeleton (D:6)
  A worker ant zombie (D:6)
  10 adders
  2 shadow imps
  An adder zombie (D:5)
  A worm (D:3)
  2 dart slugs
  2 leopard geckos (D:5)
  16 orcs
  A ball python (D:2)
  5 giant cockroaches
  6 goblins
  7 hobgoblins
  8 jackals
  11 kobolds
  9 quokkas
  8 bats
  3 frilled lizards
  A jackal zombie (D:6)
  5 rats
127 creatures vanquished.

Vanquished Creatures (collateral kills)
  An ogre (D:6)
  2 bullfrogs
  A howler monkey (D:7)
  A bullfrog zombie (D:5)
  2 hounds
  An orc priest (D:3)
  Terence (D:3)
  Jessica (D:3)
  Natasha (D:3)
  An ooze (D:3)
  6 orcs
  A ball python (D:5)
  A goblin (D:3)
  A quokka (D:3)
  3 kobolds
24 creatures vanquished.

Grand Total: 151 creatures vanquished

Notes
Turn   | Place    | Note
-------+----------+-------------------------------------------
     0 | D:1      | diana the Demonspawn Fighter began the quest for the Orb.
     0 | D:1      | Reached XP level 1. HP: 18/18 MP: 1/1
   211 | D:1      | Gained mutation: A weak demonic guardian rushes to your
                  | aid. [demonic ancestry]
   211 | D:1      | Reached XP level 2. HP: 21/24 MP: 2/2
   619 | D:2      | Reached skill level 1 in Dodging
   619 | D:2      | Reached XP level 3. HP: 17/29 MP: 3/3
   774 | D:2      | Found a deep blue altar of Sif Muna.
   779 | D:2      | Found a transporter.
   897 | D:2      | Found a transporter.
  1379 | D:3      | Gained mutation: When hurt, damage is shared between your
                  | health and your magic reserves. [demonic ancestry]
  1379 | D:3      | Reached XP level 4. HP: 17/35 MP: 4/4
  1718 | D:3      | Noticed Natasha
  1723 | D:3      | Killed Natasha
  1723 | D:3      | Gained mutation: You are partially covered in slimy green
                  | scales. (AC +2) [demonic ancestry]
  1723 | D:3      | Reached XP level 5. HP: 41/42 MP: 5/5
  1733 | D:3      | Noticed Natasha
  1740 | D:3      | Killed Natasha
  1909 | D:3      | Noticed Terence
  1918 | D:3      | Killed Terence
  2133 | D:3      | Noticed Natasha
  2141 | D:3      | Killed Natasha
  2215 | D:3      | Noticed Jessica
  2224 | D:3      | Killed Jessica
  2339 | D:3      | Found a blossoming altar of Fedhas.
  2418 | D:4      | Found a runed translucent gate.
  2418 | D:4      | Found a runed translucent gate.
  2418 | D:4      | Found a runed translucent gate.
  2422 | D:4      | Noticed eccles's ghost (amateur GrEE)
  2676 | D:4      | Reached XP level 6. HP: 39/48 MP: 4/6
  3285 | D:5      | Entered Level 5 of the Dungeon
  3285 | D:5      | Noticed Menkaure
  3786 | D:5      | Killed Menkaure
  3786 | D:5      | Gained mutation: You are mostly covered in slimy green
                  | scales. (AC +3) [demonic ancestry]
  3786 | D:5      | Reached XP level 7. HP: 12/55 MP: 2/7
  3810 | D:4      | HP: 2/55 [poisoned by an adder]
  3818 | D:4      | HP: 2/55 [poisoned by an adder]
  4183 | D:5      | Found a staircase to the Ecumenical Temple.
  4204 | Temple   | Entered the Ecumenical Temple
  4265 | Temple   | Became a worshipper of Makhleb the Destroyer
  4288 | D:5      | Noticed Eustachio
  4584 | D:5      | Killed Eustachio
  4604 | D:5      | Identified the Almanac of Gliding Dislocation
  4649 | D:5      | Found a runed translucent gate.
  4654 | D:5      | Found a runed translucent gate.
  4655 | D:5      | Found a runed translucent gate.
  4656 | D:5      | Noticed goulibeur's ghost (novice DrBe)
  4830 | D:5      | Noticed Grinder
  4837 | D:5      | Paralysed by Grinder for 4 turns
  4853 | D:5      | Paralysed by Grinder for 4 turns
  4861 | D:5      | Killed Grinder
  4861 | D:5      | Reached skill level 5 in Fighting
  4861 | D:5      | Reached XP level 8. HP: 62/62 MP: 8/8
  5273 | D:6      | Found a snail-covered altar of Cheibriados.
  5406 | D:6      | Reached * piety under Makhleb
  5455 | D:6      | Found a radiant altar of Vehumet.
  5619 | D:6      | Reached skill level 5 in Long Blades
  5629 | D:6      | Got a smoking leather armour
  5640 | D:6      | Identified the +0 leather armour of Rateaph {Int+4 Stlth+}
                  | (You found it on level 6 of the Dungeon)
  5895 | D:6      | Reached skill level 5 in Armour
  5895 | D:6      | Reached skill level 5 in Shields
  6075 | D:7      | HP: 2/94 [orc priest/divine providence (10)]
  6077 | D:7      | Slain by a killer bee

Skill      XL: |  1  2  3  4  5  6  7  8 |
---------------+-------------------------+-----
Long Blades    | 2 3 4 5 |  5.6
Dodging        | 1 2 3 4 |  4.3
Shields        | 3 4 5 |  5.1
Armour         | 3 4 5 |  5.1
Fighting       | 4 5 |  5.6

Action                   |  1- 3 |  4- 6 |  7- 9 || total
-------------------------+-------+-------+-------++-------
Melee: Long sword        |   149 |   187 |   308 ||   644
  Use: Scroll            |       |       |     9 ||     9
       Potion            |       |       |     2 ||     2
 Stab: Distracted        |       |       |     1 ||     1
  Eat: Chunk             |       |     9 |     1 ||    10
       Ration            |       |       |     2 ||     2
Armor: Scale mail        |    84 |   148 |   152 ||   384
       Chain mail        |       |       |   100 ||   100
Dodge: Dodged            |    59 |   111 |   154 ||   324
Block: Shield            |    93 |   151 |   218 ||   462
       Rpst.: Long sword |    16 |    41 |    47 ||   104
